 Dungeon Crawl Stone Soup version 0.19.1-1-g22dce08 (webtiles) character file.

83 Alarkh the Chopper (level 4, -6/38 HPs)
             Began as a Draconian Monk on Jan 17, 2017.
             Mangled by Sigmund
             ... wielding a +0 scythe
              (8 damage)
             ... on level 2 of the Dungeon.
             The game lasted 00:02:51 (1984 turns).

Alarkh the Chopper (Draconian Monk)                 Turns: 1984, Time: 00:02:52

Health: -6/38      AC:  6    Str: 12 (13) XL:     4   Next: 22%
Magic:  4/4        EV: 18    Int: 11      God:
Gold:   196        SH:  0    Dex: 17 (19) Spells: 1 memorised, 1 level left

rFire  . . .     SeeInvis .     o - +0 war axe
rCold  . . .     Gourm    .     (armour unavailable)
rNeg   . . .     Faith    .     (no shield)
rPois  .         Spirit   .     (helmet restricted)
rElec  .         Reflect  .     k - +0 cloak
rCorr  .         Harm     .     (no gloves)
MR     .....                    (no boots)
Stlth  +++.......               (no amulet)
                                (no ring)
                                (no ring)

@: agile, very slightly contaminated, hasted, very quick
A: unfitting armour, cold-blooded, AC +5
a: no special abilities


You were on level 2 of the Dungeon.
You were not hungry.

You visited 1 branch of the dungeon, and saw 5 of its levels.

You collected 196 gold pieces.

Inventory:

Hand Weapons
 a - a +0 hand axe
 o - a +0 war axe (weapon)
 u - a +2 vampiric hand axe
Armour
 k - a +0 cloak (worn)
Scrolls
 e - 2 scrolls of identify
 f - a scroll of recharging {unknown}
 h - 3 scrolls of remove curse
 j - a scroll of enchant weapon {unknown}
 l - a scroll of fog {unknown}
 m - a scroll of blinking {unknown}
 s - 4 scrolls of enchant armour {unknown}
 t - 3 scrolls of magic mapping {unknown}
Potions
 r - a potion of curing {unknown}
 v - a potion of resistance {unknown}
Books
 g - a book of Minor Magic

   Spells                             Type                      Level
   a - Magic Dart                     Conjuration                  1
   b - Blink                          Translocation                2
   c - Call Imp                       Summoning                    2
   d - Repel Missiles                 Charms/Air                   2
   e - Slow                           Hexes                        2
   f - Conjure Flame                  Conjuration/Fire             3
   g - Mephitic Cloud                 Conjuration/Poison/Air       3
Comestibles
 b - 2 bread rations
 c - 3 chunks of flesh
 i - a slice of pizza
 n - 3 meat rations
 w - 2 fruits


   Skills:
 - Level 3.2 Fighting
 + Level 5.1 Axes
 - Level 2.6 Dodging
 - Level 1.7 Stealth


You had one spell level left.
You knew the following spells:

 Your Spells              Type           Power        Failure   Level  Hunger
a - Repel Missiles        Chrm/Air       #.....       56%         2    ###....


Dungeon Overview and Level Annotations

Branches:
Dungeon (5/15)
 Temple: D:4-7

Altars:
Gozag

Annotations:
D:2 Sigmund
D:5 Edmund


Innate Abilities, Weirdness & Mutations

Your plain brown scales are hard. (AC +5)
You cannot fit into any form of body armour.
You are cold-blooded and may be slowed by cold attacks.


Message History

Something hits you!
You closely miss something. You tail-slap something.
Something barely misses you.
You closely miss something. You tail-slap something. You hit something.
You tail-slap something. Something hits you.
You slash something!
Your tail-slap misses something.
Something barely misses you.
You closely miss something. Something barely misses you.
You miss something. Something hits you.
You hit something. Something hits you!
* * * LOW HITPOINT WARNING * * *
You hit something.
You feel yourself speed up. Something barely misses you.
You are very lightly contaminated with residual magic.
You miss something.
Your tail-slap misses something.
Something hits you!
* * * LOW HITPOINT WARNING * * *
Some of the chunks of flesh in your inventory have rotted away.
You hit something. You closely miss something. You tail-slap something.
Something hits you!
You die...

#.......# #.#
#................. #.......#
#.# #..........#######
#####.### #.#
#............####
#.#####.###......##..#....#
#........##.......##...##.##
#...........................
#......##.(..###.#..##....##
#.#.#####).{## #.##..##.....
#.#.###....@# ##.###..#.....
#.#.##......###..####.#.....
#.#.#..####........##....###
#.#.#.# #............###
#.#... #.........##...###
#.#.. #........(#####....
#.#.. #..........# ####.
...#........# #.
#####........# #.


There were no monsters in sight!

Vanquished Creatures
  An adder (D:4)
  2 worms (D:2)
  2 dart slugs
  2 leopard geckos (D:3)
  6 orcs
  A ball python (D:2)
  3 giant cockroaches
  7 goblins
  6 hobgoblins
  5 kobolds
  2 quokkas
  5 bats
  2 frilled lizards (D:2)
  11 rats
55 creatures vanquished.

Notes
Turn   | Place    | Note
-------+----------+-------------------------------------------
     0 | D:1      | Alarkh the Draconian Monk began the quest for the Orb.
     0 | D:1      | Reached XP level 1. HP: 19/19 MP: 1/1
     3 | D:1      | Noticed an electric eel
     3 | D:1      | Noticed an electric eel
   165 | D:1      | Reached XP level 2. HP: 26/26 MP: 2/2
   464 | D:1      | Reached skill level 4 in Axes
   593 | D:2      | Found an opulent altar of Gozag.
   607 | D:2      | Reached XP level 3. HP: 31/31 MP: 3/3
   700 | D:2      | Noticed Sigmund
   789 | D:3      | You fall through a shaft for 2 floors!
   789 | D:5      | Entered Level 5 of the Dungeon
   834 | D:5      | Noticed Edmund
  1325 | D:3      | Learned a level 2 spell: Repel Missiles
  1539 | D:3      | Reached XP level 4. HP: 38/38 MP: 4/4
  1545 | D:3      | Reached skill level 5 in Axes
  1984 | D:2      | Mangled by Sigmund

Skill      XL: |  1  2  3  4 |
---------------+-------------+-----
Axes           | 4 5 |  5.1
Fighting       | |  3.2
Dodging        | |  2.6
Stealth        | |  1.7

Action                   |  1- 3 |  4- 6 || total
-------------------------+-------+-------++-------
Melee: Hand axe          |   130 |       ||   130
       Tailslap          |    15 |     8 ||    23
       War axe           |    12 |    33 ||    45
  Use: Potion            |     3 |     3 ||     6
       Scroll            |     2 |       ||     2
 Stab: Sleeping          |     9 |     1 ||    10
  Eat: Chunk             |     2 |     2 ||     4
Armor: Skin              |    35 |     2 ||    37
Dodge: Dodged            |    71 |    19 ||    90
